 Dungeon Crawl Stone Soup version 0.22-a0-247-gbddf880757 (webtiles) character file.

354 RedPan the Slasher (level 6, -6/48 HPs)
             Began as a Demonspawn Monk on Feb 24, 2018.
             Was a Believer of Cheibriados.
             Killed from afar by an orc wizard (12 damage)
             ... with a magic dart
             ... on level 4 of the Dungeon.
             The game lasted 00:08:56 (4404 turns).

RedPan the Slasher (Demonspawn Monk)                Turns: 4404, Time: 00:08:57

Health: -6/48      AC: 14    Str: 19    XL:     6   Next: 35%
Magic:  6/6        EV: 20    Int: 16    God:    Cheibriados [**....]
Gold:   117        SH: 10    Dex: 23    Spells: 5/5 levels left

rFire    . . .     SeeInvis .   a - +0 falchion
rCold    . . .     Gourm    .   m - +0 shield
rNeg     . . .     Faith    .   r - +0 plate armour
rPois    .         Spirit   .   (no helmet)
rElec    .         Reflect  .   (no cloak)
rCorr    .         Harm     .   f - +0 pair of gloves {Dex+3}
MR       .....                  t - +0 pair of boots
Stlth    ..........             d - amulet of the acrobat
HPRegen  0.16/turn              (no ring)
MPRegen  0.10/turn              (no ring)

@: very slow
A: claws 1, rugged brown scales 1, demonic guardian 1, nightstalker 1
a: Bend Time, Renounce Religion


You were on level 4 of the Dungeon.
You worshipped Cheibriados.
Cheibriados was pleased with you.
You were not hungry.

You visited 1 branch of the dungeon, and saw 4 of its levels.

You collected 117 gold pieces.

Inventory:

Hand Weapons
 a - a +0 falchion (weapon)
Armour
 f - a +0 pair of gloves of dexterity (worn)
 m - a +0 shield (worn)
 r - a +0 plate armour (worn)
 t - a +0 pair of boots (worn)
Jewellery
 d - an amulet of the acrobat (around neck)
Scrolls
 e - a scroll of fear
 h - a scroll of identify
 n - 3 scrolls of blinking
Potions
 g - a potion of flight
 i - a potion of lignification
 j - 3 potions of curing
 l - a potion of heal wounds
 p - a potion of haste {unknown}
 s - a potion of berserk rage {unknown}
Comestibles
 c - 5 rations


   Skills:
 - Level 3.0 Fighting
 + Level 4.4 Long Blades
 + Level 2.4 Armour
 + Level 3.8 Dodging
 - Level 1.7 Stealth
 * Level 2.5 Shields


You had 5 spell levels left.
You didn't know any spells.

Dungeon Overview and Level Annotations

Branches:
Dungeon (4/15)
 Temple: D:4-7

Altars:
Cheibriados
Elyvilon
Fedhas
Hepliaklqana
Kikubaaqudgha
The Shining One


Innate Abilities, Weirdness & Mutations

You have sharp fingernails.
You are partially covered in rugged brown scales. (AC +1, +3% HP)
A weak demonic guardian rushes to your aid.
You are slightly more attuned to the shadows.


Message History

Really walk into that teleport trap? [Y]es or [N]o only, please.
Really walk into that teleport trap?
Okay, then.
The orc wizard points at you and mumbles some strange words.
The puff of frost hits you!
The orc wizard gestures wildly while chanting.
The orc wizard flickers and vanishes!
Deactivating autopickup; reactivate with Ctrl-A.
The orc priest mumbles some strange prayers to Beogh against you.
Beogh smites you!
* * * LOW HITPOINT WARNING * * *
Really walk into that teleport trap?
You enter a teleport trap!
The teleport trap disappears.
Your surroundings suddenly seem different.
A puff of frost appears from out of thin air!
You block the puff of frost.
A magic dart appears from out of thin air!
The magic dart hits you!
You die...

##.## ##....# #.##
##.#.# #.# #.#.# #.##
##.#.# ##O##
##....#######
##.###...........#
##...#...######.#
#..######## #.#
#...oO..@.# #.#
##.....##.# #.#
########.###.##.# #.#
#........# #.##.####.##
#.######.###.##.#.....#
#.# ##.....##.#....##
#.# #.....###.#....# ♣♣
#.# #.5.......#....♣♣
♣♣♣.♣ #.#
#.....###.#.....♣♣
♣♣....


You could see an ogre and an orc priest.

Vanquished Creatures
  3 orc wizards
  3 adders
  2 oozes (D:3)
  3 worms
  3 dart slugs
  7 leopard geckos
  8 orcs
  3 giant cockroaches
  5 goblins
  5 hobgoblins
  3 quokkas
  3 ball pythons (D:1)
  10 bats
  10 frilled lizards
  8 kobolds
  5 rats
81 creatures vanquished.

Vanquished Creatures (collateral kills)
  Sigmund (D:2)
  An orc priest (D:4)
  An orc wizard (D:3)
  6 orcs
  A frilled lizard (D:2)
10 creatures vanquished.

Grand Total: 91 creatures vanquished

Notes
Turn   | Place    | Note
-------+----------+-------------------------------------------
     0 | D:1      | RedPan the Demonspawn Monk began the quest for the Orb.
     0 | D:1      | Reached XP level 1. HP: 18/18 MP: 1/1
    72 | D:1      | You fall through a shaft!
    82 | D:2      | Reached skill level 3 in Long Blades
    83 | D:2      | Gained mutation: A weak demonic guardian rushes to your aid. [demonic ancestry]
    83 | D:2      | Reached XP level 2. HP: 14/24 MP: 2/2
   725 | D:1      | Reached skill level 1 in Armour
   778 | D:1      | Gained mutation: You have sharp fingernails. [demonic ancestry]
   778 | D:1      | Reached XP level 3. HP: 26/29 MP: 3/3
  1735 | D:2      | Noticed Sigmund
  2098 | D:2      | Gained mutation: You are partially covered in rugged brown scales. (AC +1, +3% HP) [demonic ancestry]
  2098 | D:2      | Reached XP level 4. HP: 24/36 MP: 4/4
  2651 | D:2      | Found an ancient bone altar of Kikubaaqudgha.
  2653 | D:2      | Found a blossoming altar of Fedhas.
  2737 | D:2      | Killed Sigmund
  2737 | D:2      | Reached skill level 4 in Long Blades
  2737 | D:2      | Reached skill level 1 in Shields
  2737 | D:2      | Reached XP level 5. HP: 4/42 MP: 5/5
  3491 | D:3      | Found a snail-covered altar of Cheibriados.
  3499 | D:3      | Became a worshipper of Cheibriados the Contemplative
  3499 | D:3      | Reached * piety under Cheibriados
  3499 | D:3      | Reached ** piety under Cheibriados
  3717 | D:3      | Found a glowing golden altar of the Shining One.
  4045 | D:4      | Gained mutation: You are slightly more attuned to the shadows. [demonic ancestry]
  4045 | D:4      | Reached XP level 6. HP: 31/48 MP: 6/6
  4181 | D:4      | Found a white marble altar of Elyvilon.
  4365 | D:4      | Found a hazy altar of Hepliaklqana.
  4404 | D:4      | Killed from afar by an orc wizard

Vault maps used:
D:1:      elethiomel_arrival_shortcut
D:2:      grunt_temple_overflow_growth_and_decay, uniq_sigmund
D:3:      nicolae_overflow_hidden_temple, kennysheep_slug_shrine
D:4:      lemuel_round_altar, first_ration, elyvilon_altar_3, uniq_natasha

Skill      XL: |  1  2  3  4  5 |
---------------+----------------+-----
Long Blades    | 3 4 |  4.4
Dodging        | 3 |  3.8
Armour         | 1 2 |  2.4
Shields        | 1 2 |  2.5
Fighting       | |  3.0
Stealth        | |  1.7

Action                   |  1- 3 |  4- 6 || total
-------------------------+-------+-------++-------
Melee: Falchion          |   137 |   204 ||   341
  Use: Potion            |       |     2 ||     2
       Scroll            |       |    10 ||    10
 Stab: Sleeping          |     9 |       ||     9
  Eat: Chunk             |     3 |     4 ||     7
       Ration            |       |     1 ||     1
Armor: Robe              |    23 |       ||    23
       Plate armour      |       |   120 ||   120
Dodge: Dodged            |    94 |    45 ||   139
Block: Shield            |    25 |    66 ||    91
       Rpst.: Falchion   |    23 |     9 ||    32

Table legend:
 A = Spawn XP
 B = Non-spawn XP
 C = Spawn XP percentage of total XP
 D = Spawn monster count
 E = Non-spawn monster count
 F = Spawn count percentage of total count
 G = Total turns spent on level
                    A         B        C        D         E        F      G
               +---------+---------+-------+---------+---------+-------+---------
         Total |       0 |     507 |   0.0 |       0 |      91 |   0.0 |  4404
               +---------+---------+-------+---------+---------+-------+---------
           D:1 |       0 |      51 |   0.0 |       0 |      30 |   0.0 |  1471
           D:2 |       0 |     216 |   0.0 |       0 |      28 |   0.0 |  1696
           D:3 |       0 |      92 |   0.0 |       0 |      16 |   0.0 |   714
           D:4 |       0 |     148 |   0.0 |       0 |      17 |   0.0 |   523
               +---------+---------+-------+---------+---------+-------+---------
